 Dungeon Sprint DCSS version 0.31-a0-716-gc7603755dd (webtiles) character file.

Game seed: 2143902850492446072

868 rocky1 the Basher (level 8, -15/96 HPs)
             Began as an Ogre Gladiator on Sept 11, 2023.
             Was an Initiate of Gozag.
             Demolished by a gargoyle
             ... wielding a +0 morningstar
              (29 damage)
             ... in the Dungeon (Sprint IX: "|||||||||||||||||||||||||||||").
             The game lasted 00:01:50 (220 turns).

rocky1 the Basher (Ogre Gladiator)                   Turns: 220, Time: 00:01:51

Health: -15/96     AC:  3    Str: 27    XL:     8   Next: 3%
Magic:  8/8        EV: 12    Int:  9    God:    Gozag
Gold:   0          SH:  0    Dex: 10    Spells: 7/7 levels left

rFire   . . .        n - +2 dire flail (heavy)
rCold   . . .        (shield currently unavailable)
rNeg    . . .        b - +0 robe
rPois   .            c - +0 hat
rElec   .            (no cloak)
rCorr   .            (gloves unavailable)
SInv    .            (boots unavailable)
Will    .....        (no amulet)
Stlth   +            o - +3 ring of strength
HPRegen 0.36/turn    p - +3 ring of strength
MPRegen 0.11/turn

%: no teleportation
@: invisible
A: large, unfitting armour, tough skin 1
a: Renounce Religion, Potion Petition, Call Merchant, Bribe Branch


You were in the Dungeon.
You worshipped Gozag.
Gozag was noncommittal.
You visited 1 branch

Inventory:

Hand Weapons
 n - a +2 heavy dire flail (weapon)
Missiles
 d - 3 throwing nets (quivered)
 e - a large rock
Armour
 b - a +0 robe (worn)
 c - a +0 hat (worn)
Jewellery
 o - a +3 ring of strength (left hand)
 p - a +3 ring of strength (right hand)
Wands
 m - a wand of iceblast (10)
Scrolls
 l - 2 scrolls of amnesia
Potions
 f - 4 potions of curing
 i - 4 potions of magic


   Skills:
 + Level 10.6 Fighting
 + Level 11.0 Maces & Flails
 + Level 4.8 Throwing
 + Level 8.4 Dodging


You had 7 spell levels left.
You didn't know any spells.
Your spell library was empty.

Dungeon Overview and Level Annotations

Branches:
Dungeon (1/1)

Altars:
Cheibriados
Dithmenos
Elyvilon
Fedhas
Gozag
Hepliaklqana
Kikubaaqudgha
Makhleb
Nemelex Xobeh
Okawaru
Qazlal
Ru
Sif Muna
Trog
Uskayaw
Vehumet
Wu Jian
Xom
Yredelemnul
Zin
The Shining One
Jiyva
Lugonu


Innate Abilities, Weirdness & Mutations

You are too large for most types of armour.
You have tough skin. (AC +1)


Message History

Things that are here:
a +0 dagger; a kobold corpse; a ball python corpse Something unseen breaks down the door.
You close the door, pushing everything out of the way.
Things that are here:
a +0 dagger; a ball python corpse; a kobold corpse You start resting.
A centaur opens the door.
It is wielding a +0 shortbow.
The centaur unwields a +0 shortbow.
The centaur barely misses you. The centaur closely misses you.
There is an open door to the Dungeon here.
You impale the centaur!!
The centaur is almost dead.
The centaur hits you but does no damage.
The centaur barely misses you. The centaur closely misses you.
The centaur kicks you.
* * * LOW HITPOINT WARNING * * *
You hit the centaur.
You kill the centaur!
Your Maces & Flails skill increases to level 11!
You have reached level 8!
Things that are here:
a +0 dagger; a ball python corpse; a kobold corpse You close the door.
You start resting.
A gargoyle opens the door.
It is wielding a +0 morningstar.
You fade into invisibility!
You strike the helpless gargoyle from behind!
You puncture the gargoyle!
The gargoyle is moderately damaged.
The gargoyle hits you with a +0 morningstar!!
* * * LOW HITPOINT WARNING * * *
You closely miss the gargoyle.
The gargoyle is moderately damaged.
The gargoyle hurls a stone arrow at you.
The stone arrow misses you.
You feel better.
The gargoyle hits you with a +0 morningstar!!
You die...
Your body crumbles into a pile of gold. ▓▓▓▓▓▓▓▓▓▓▓▓▓▓▓▓▓▓▓▓▓ ▓<..@9W....')....+___ ▓▓▓▓▓▓▓▓▓▓▓▓▓▓▓▓▓▓▓▓▓

You could see a wraith and a gargoyle (unable to see you).

Vanquished Creatures
  A kobold demonologist (D)
  A troll (D)
  A yak (D)
  A centaur (D)
  A phantom (D)
  A scorpion (D)
  A gnoll bouda (D)
  An adder (D)
  An orc (D)
  A giant cockroach (D)
  A hobgoblin (D)
  A kobold (D)
  2 ball pythons (D)
14 creatures vanquished.

Notes
Turn   | Place    | Note
-------+----------+-------------------------------------------
     0 | D        | rocky1 the Ogre Gladiator began the quest for the Orb.
     0 | D        | Reached XP level 1. HP: 22/22 MP: 1/1
    13 | D        | Reached skill level 3 in Maces & Flails
    49 | D        | Noticed a phantom
    49 | D        | Noticed a scorpion
    49 | D        | Noticed a gnoll bouda
    56 | D        | Killed a phantom
    57 | D        | Reached skill level 5 in Maces & Flails
    57 | D        | Reached skill level 5 in Dodging
    57 | D        | Reached XP level 2. HP: 33/33 MP: 2/2
    57 | D        | Reached XP level 3. HP: 41/41 MP: 3/3
    57 | D        | Reached XP level 4. HP: 49/49 MP: 4/4
    58 | D        | Reached skill level 5 in Fighting
    62 | D        | Killed a scorpion
    63 | D        | Reached skill level 6 in Maces & Flails
    63 | D        | Reached XP level 5. HP: 59/59 MP: 5/5
    65 | D        | Reached skill level 7 in Maces & Flails
    81 | D        | Found a snail-covered altar of Cheibriados.
    81 | D        | Found a shadowy altar of Dithmenos.
    81 | D        | Found a white marble altar of Elyvilon.
    81 | D        | Found a blossoming altar of Fedhas.
    81 | D        | Found an opulent altar of Gozag.
    82 | D        | Found a hazy altar of Hepliaklqana.
    83 | D        | Found a viscous altar of Jiyva.
    84 | D        | Found an ancient bone altar of Kikubaaqudgha.
    85 | D        | Found a corrupted altar of Lugonu.
    86 | D        | Found a burning altar of Makhleb.
    87 | D        | Found a sparkling altar of Nemelex Xobeh.
    88 | D        | Found an iron altar of Okawaru.
    89 | D        | Became a worshipper of Gozag Ym Sagoz the Greedy
    90 | D        | Found a stormy altar of Qazlal.
    91 | D        | Found a sacrificial altar of Ru.
    92 | D        | Found a shimmering blue altar of Sif Muna.
    93 | D        | Found a bloodstained altar of Trog.
    94 | D        | Found a hide-covered altar of Uskayaw.
    95 | D        | Found a radiant altar of Vehumet.
    96 | D        | Found an ornate altar of the Wu Jian Council.
    97 | D        | Found a shimmering altar of Xom.
    98 | D        | Found a basalt altar of Yredelemnul.
    99 | D        | Found a glowing silver altar of Zin.
   100 | D        | Found a glowing golden altar of the Shining One.
   129 | D        | Noticed a kobold demonologist
   129 | D        | Noticed a yak
   129 | D        | Noticed a troll
   129 | D        | Noticed a centaur
   129 | D        | Noticed a gargoyle
   129 | D        | Noticed a wraith
   130 | D        | Noticed a rust devil
   143 | D        | Killed a kobold demonologist
   144 | D        | Reached skill level 9 in Maces & Flails
   144 | D        | Reached XP level 6. HP: 36/74 MP: 6/6
   152 | D        | Killed a yak
   153 | D        | Reached skill level 10 in Maces & Flails
   153 | D        | Reached XP level 7. HP: 14/83 MP: 7/7
   157 | D        | Killed a troll
   158 | D        | Reached skill level 10 in Fighting
   205 | D        | Reached skill level 11 in Maces & Flails
   205 | D        | Reached XP level 8. HP: 21/96 MP: 8/8
   220 | D        | Demolished by a gargoyle

Illustrated notes

Levels and vault maps discovered:
D:        linesprint [early_d, line_temple, items_1, d_10, items_2, lair_1,
          lair_end, items_3, orc_1, orc_end, items_4, d_15, swamp_1, shoals_1,
          snake_1, spider_1, d_20, vaults_1, items_5, swamp_end, shoals_end,
          snake_end, spider_end, vaults_end, d_27, items_6, zot_1, zot_end,
          crypt_end, forest_end, elf_end, slime_end, tomb_end, abyss_end,
          pan_hell_end]

Skill      XL: |  1  2  3  4  5  6  7 |
---------------+----------------------+-----
Maces & Flails | 5 6 9 10 11 | 11.0
Dodging        | 5 7 8 |  8.4
Fighting       | 4 6 8 9 10 | 10.6
Throwing       | 3 4 |  4.8

Action                     |  1- 3 |  4- 6 |  7- 9 || total
---------------------------+-------+-------+-------++-------
  Melee: Flail             |    23 |     9 |       ||    32
         Dire flail        |       |    20 |     7 ||    27
    Use: Potion            |     1 |     2 |     4 ||     7
         Scroll            |       |       |     2 ||     2
   Stab: Invisible         |       |       |     1 ||     1
 Armour: Robe              |    15 |    18 |    10 ||    43
  Dodge: Dodged            |    10 |    12 |     7 ||    29

Table legend: (Time is in decaauts)
 A = Elapsed time spent in this place.
 B = Non-inter-level travel time spent in this place.
 C = Inter-level travel time spent in this place.
 D = Time resting spent in this place.
 E = Time spent auto-exploring this place.
 F = Levels seen in this place.
 G = Mean time per level.
                   A        B        C        D        E       F      G
               +--------+--------+--------+--------+--------+-----+--------+
         Total |    217 |    217 |      0 |     52 |      0 |   1 |  217.0 |
       Dungeon |    217 |    217 |      0 |     52 |      0 |   1 |  217.0 |
               +--------+--------+--------+--------+--------+-----+--------+

Top non-repeatable levels by time:
       D: 217 daAuts
